 Dungeon Sprint DCSS version 0.30-a0-1163-gf69bf04e7a (webtiles) character file.

Game seed: 5321961591373318012

48 Darkkill the Skirmisher (level 6, -3/62 HPs)
             Began as a Minotaur Hunter on Apr 28, 2023.
             Was an Initiate of Gozag.
             Slain by a two-headed ogre
             ... wielding a +0 giant spiked club
              (24 damage)
             ... in the Dungeon (Sprint VI: "Thunderdome").
             The game lasted 00:03:04 (388 turns).

Darkkill the Skirmisher (Minotaur Hunter)            Turns: 388, Time: 00:03:05

Health: -3/62      AC:  3    Str: 16    XL:     6   Next: 34%
Magic:  14/14      EV: 15    Int:  6    God:    Gozag
Gold:   25         SH:  0    Dex: 16    Spells: 5/5 levels left

rFire   + + +        n - +0 triple crossbow
rCold   x . .        (shield currently unavailable)
rNeg    . . .        c - +0 leather armour
rPois   +            (helmet restricted)
rElec   .            (no cloak)
rCorr   .            (no gloves)
SInv    +            (no boots)
Will    .....        (no amulet)
Stlth   +++          a - ring of Micisubb {rPois rF++ MP+9 Str-2 SInv}
HPRegen 0.30/turn    u - ring of Liunousu {Fire Str+3 Slay+2}
MPRegen 0.14/turn

%: no teleportation
@: no status effects
A: horns 2, retaliatory headbutt
a: Renounce Religion, Potion Petition, Call Merchant, Bribe Branch


You were in the Dungeon.
You worshipped Gozag.
Gozag was noncommittal.
You visited 1 branch You collected 865 gold pieces.
You spent 840 gold pieces at shops.

Inventory:

Hand Weapons
 n - a +0 triple crossbow (weapon)
Armour
 c - a +0 leather armour (worn)
Jewellery
 a - the ring of Micisubb (left hand) {rPois rF++ MP+9 Str-2 SInv}
   (You bought it in a shop in the Dungeon)

   [ring of magical power]

   Str:       It affects your strength (-2).
   rF:        It greatly protects you from fire.
   rPois:     It protects you from poison.
   MP:        It affects your magic capacity (+9).
   SInv:      It lets you see invisible.
 u - the ring of Liunousu (right hand) {Fire Str+3 Slay+2}
   (You bought it in a shop in the Dungeon)

   [ring of fire]

   It enhances your fire magic.
   Str:       It affects your strength (+3).
   Slay:      It affects your accuracy & damage with ranged weapons and melee
   (+2).
   rF:        It protects you from fire.
   rC:        It makes you vulnerable to cold.
Wands
 k - a wand of light (5)
 l - a wand of iceblast (5)
Scrolls
 b - a scroll of immolation
 i - a scroll of blinking
 m - 3 scrolls of fog
Potions
 d - a potion of curing {@q1}
 e - 4 potions of heal wounds
 f - 4 potions of haste
 g - 2 potions of magic
 h - a potion of berserk rage
 j - a potion of resistance


   Skills:
 + Level 8.5 Fighting
 + Level 8.7 Ranged Weapons
 + Level 7.7 Dodging
 + Level 6.2 Stealth


You had 5 spell levels left.
You didn't know any spells.
Your spell library was empty.

Dungeon Overview and Level Annotations

Branches:
Dungeon (1/1)

Altars:
Cheibriados
Dithmenos
Fedhas
Gozag
Kikubaaqudgha
Makhleb
Okawaru
Qazlal
Ru
Sif Muna
Trog
Uskayaw
Vehumet
Wu Jian
Xom
Yredelemnul
Zin
The Shining One
Lugonu

Shops:
D *[??*?*:[((!!!!


Innate Abilities, Weirdness & Mutations

You have a pair of horns on your head.
You reflexively headbutt those who attack you in melee.


Message History

You drop the ring of Melee {Wiz Will+ Int+3 Dex+4}.
You drop the ring of Exhibitionism {rF++ AC+4}.
You drop the ring of Laonu {Fire Will+ Str+3}.
You drop the ring "Kuhucw" {rC+ Will+ Str+5}.
You drop the ring "Vilimosa" {rPois MP+9 Str+2 Int+6}.
You drop the ring "Baqumo" {Fly rPois rF++ AC+4 Int-2}.
You feel your magic capacity increase.
You feel weaker.
a - the ring of Micisubb (left hand) {rPois rF++ MP+9 Str-2 SInv} You feel more attuned to fire.
You feel stronger.
u - the ring of Liunousu (right hand) {Fire Str+3 Slay+2}
There is a stormy altar of Qazlal here.
There is a glowing silver altar of Zin here.
There is a bloodstained altar of Trog here.
There is an entrance to Lakuj's Premium Goods here.
There is an entrance to Tuveob's Miscellaneous Merchandise here.
Get ready!
ROUND 3!
FIGHT!
You sense a tension in the west.
There is an entrance to Utecuurphu's Basic Armour here.
A two-headed ogre comes into view.
It is wielding a +0 giant club and a +0 giant spiked club.
The two-headed ogre shouts in stereo!
Fire: n) +0 triple crossbow
Press: ? - help, Q - select action, (/) - cycle Shift-Dir - straight line, f - two-headed ogre
Aim: a two-headed ogre, wielding a +0 giant club and a +0 giant spiked club (79% to hit)
You shoot a bolt. The bolt hits the two-headed ogre!
The two-headed ogre is lightly wounded.
Fire: n) +0 triple crossbow
Press: ? - help, Q - select action, (/) - cycle Shift-Dir - straight line, f/p - two-headed ogre
Aim: a two-headed ogre, wielding a +0 giant club and a +0 giant spiked club (lightly wounded, 79% to hit)
You shoot a bolt. The bolt hits the two-headed ogre!
The two-headed ogre is moderately wounded.
A two-headed ogre comes into view.
It is wielding a +0 giant spiked club and a +0 dire flail.
Fire: n) +0 triple crossbow
Press: ? - help, Q - select action, (/) - cycle Shift-Dir - straight line, f/p - two-headed ogre
Aim: a two-headed ogre, wielding a +0 giant club and a +0 giant spiked club (moderately wounded, 79% to hit)
You shoot a bolt. The two-headed ogre shouts in stereo!
The bolt hits the two-headed ogre!
The two-headed ogre is heavily wounded.
The two-headed ogre misses you. x2
Fire: n) +0 triple crossbow
Press: ? - help, Q - select action, (/) - cycle Shift-Dir - straight line, f/p - two-headed ogre
Aim: a two-headed ogre, wielding a +0 giant club and a +0 giant spiked club (heavily wounded, 79% to hit)
You shoot a bolt.
The bolt barely misses the two-headed ogre.
The two-headed ogre barely misses you.
The two-headed ogre hits you with a +0 giant spiked club!!
Ouch! That really hurt!
Fire: n) +0 triple crossbow
Press: ? - help, Q - select action, (/) - cycle Shift-Dir - straight line, f/p - two-headed ogre
Aim: a two-headed ogre, wielding a +0 giant club and a +0 giant spiked club (heavily wounded, 79% to hit)
Okay, then.
Blink to where?
Press: ? - help, Q - select action, (/) - cycle Dir - move target, p - two-headed ogre
As you read the scroll of blinking, it crumbles to dust.
Fire: n) +0 triple crossbow
Press: ? - help, Q - select action, (/) - cycle Shift-Dir - straight line, f - two-headed ogre
Aim: a two-headed ogre, wielding a +0 giant club and a +0 giant spiked club (heavily wounded, 79% to hit)
You shoot a bolt.
The bolt barely misses the two-headed ogre.
Fire: n) +0 triple crossbow
Press: ? - help, Q - select action, (/) - cycle Shift-Dir - straight line, f/p - two-headed ogre
Aim: a two-headed ogre, wielding a +0 giant club and a +0 giant spiked club (heavily wounded, 79% to hit)
You shoot a bolt. The bolt hits the two-headed ogre.
The two-headed ogre is heavily wounded.
Fire: n) +0 triple crossbow
Press: ? - help, Q - select action, (/) - cycle Shift-Dir - straight line, f/p - two-headed ogre
Aim: a two-headed ogre, wielding a +0 giant club and a +0 giant spiked club (heavily wounded, 79% to hit)
You shoot a bolt. The bolt hits the two-headed ogre.
The two-headed ogre is severely wounded.
The two-headed ogre closely misses you. x2
Blink to where?
Press: ? - help, Q - select action, (/) - cycle Dir - move target, p - two-headed ogre A two-headed ogre comes into view.
It is wielding two +0 giant spiked clubs.
As you read the scroll of blinking, it crumbles to dust.
Blink to where?
Press: ? - help, Q - select action, (/) - cycle Dir - move target
As you read the scroll of blinking, it crumbles to dust.
The two-headed ogre shouts in stereo!
Fire: n) +0 triple crossbow
Press: ? - help, Q - select action, (/) - cycle Shift-Dir - straight line, f - two-headed ogre
Aim: a two-headed ogre, wielding two +0 giant spiked clubs (79% to hit)
You shoot a bolt. The bolt hits the two-headed ogre!!
The two-headed ogre is heavily wounded.
Fire: n) +0 triple crossbow
Press: ? - help, Q - select action, (/) - cycle Shift-Dir - straight line, f/p - two-headed ogre
Aim: a two-headed ogre, wielding two +0 giant spiked clubs (heavily wounded, 79% to hit)
You shoot a bolt.
The bolt barely misses the two-headed ogre.
Fire: n) +0 triple crossbow
Press: ? - help, Q - select action, (/) - cycle Shift-Dir - straight line, f/p - two-headed ogre
Aim: a two-headed ogre, wielding two +0 giant spiked clubs (heavily wounded, 79% to hit)
You shoot a bolt. The bolt hits the two-headed ogre!
The two-headed ogre is severely wounded.
The two-headed ogre hits you with a +0 giant spiked club!
The two-headed ogre hits you with a +0 giant spiked club!!
You die...
Your body crumbles into a pile of gold.

###∩........8.# #.8........∩##
##.............###.............
#⌠..........###...###..........
#⌠..........# #.<.# #..........
#⌠..........###...###..........
##.............###..O..........
###∩........8.# #.8........∩##
##∩___....O.###......_._∩##
######.8..@......8.######
#⌠...........⌠# ###.........###
#_........# #_......._#
#_......._# #∩.......∩#
##∩.....∩## ##.....##


You could see a two-headed ogre.

Vanquished Creatures
  Grinder (D)
  A scorpion (D)
  2 quasits (D)
  An iron imp (D)
  A shadow imp (D)
  A ball python (D)
  2 endoplasms (D)
  A frilled lizard (D)
10 creatures vanquished.

Notes
Turn   | Place    | Note
-------+----------+-------------------------------------------
     0 | D        | Darkkill the Minotaur Hunter began the quest for the Orb.
     0 | D        | Reached XP level 1. HP: 18/18 MP: 0/0
     3 | D        | Found an opulent altar of Gozag.
     4 | D        | Found a hide-covered altar of Uskayaw.
     5 | D        | Found an ancient bone altar of Kikubaaqudgha.
     5 | D        | Found a burning altar of Makhleb.
     5 | D        | Round 1.
     6 | D        | Found Arae's Do-It-Yourself Clinic.
     6 | D        | Found a shimmering blue altar of Sif Muna.
     6 | D        | Found a shadowy altar of Dithmenos.
     6 | D        | Found Rael Ogha's Distillery.
     7 | D        | Found Iroerruc's Bottled Wisdom.
     7 | D        | Found Kobbee's Weapon Rack.
     7 | D        | Found Huviot's Distillery.
    11 | D        | Became a worshipper of Gozag Ym Sagoz the Greedy
    21 | D        | Reached skill level 1 in Stealth
    27 | D        | Noticed a scorpion
    31 | D        | Found Utecuurphu's Basic Armour.
    32 | D        | Found Tuveob's Miscellaneous Merchandise.
    37 | D        | Killed a scorpion
    38 | D        | Reached skill level 5 in Fighting
    38 | D        | Reached XP level 2. HP: 27/29 MP: 1/1
    38 | D        | Reached XP level 3. HP: 34/36 MP: 2/2
    38 | D        | Found a stormy altar of Qazlal.
    38 | D        | Found a glowing silver altar of Zin.
    38 | D        | Found a bloodstained altar of Trog.
    38 | D        | Found Lakuj's Premium Goods.
    46 | D        | Bought a +0 triple crossbow for 300 gold pieces
    53 | D        | Found a corrupted altar of Lugonu.
    60 | D        | Found a basalt altar of Yredelemnul.
    61 | D        | Found Daecoof's Identification Station.
    63 | D        | Found Eghyg's Advanced Armour.
    63 | D        | Found Miuman's Jewellery.
    66 | D        | Found an iron altar of Okawaru.
    66 | D        | Found a snail-covered altar of Cheibriados.
    74 | D        | Found a radiant altar of Vehumet.
    76 | D        | Found a blossoming altar of Fedhas.
    77 | D        | Found a shimmering altar of Xom.
    80 | D        | Found Ifeofuna's Magic Scroll Shop.
    81 | D        | Found Guopaux's Magic Scroll Shop.
    81 | D        | Found Qolleute's Must-Have Magic.
    82 | D        | Found an ornate altar of the Wu Jian Council.
    82 | D        | Found a sacrificial altar of Ru.
    82 | D        | Found a glowing golden altar of the Shining One.
    82 | D        | Found Vereresch's Staff Store.
   149 | D        | Arena points: 12 (+12) [x2]
   178 | D        | Bought a pitted copper ring for 45 gold pieces
   178 | D        | Identified the ring "Georoed" {Ice rCorr} (You bought it in
                  | a shop in the Dungeon)
   178 | D        | Bought a wavering copper ring for 45 gold pieces
   178 | D        | Identified the ring "Puhan" {rElec rN+ MP-9 Str+4 Stlth+}
                  | (You bought it in a shop in the Dungeon)
   178 | D        | Bought a bound crystal amulet for 45 gold pieces
   178 | D        | Identified the amulet of Tempters {Faith Will+ rCorr Dex-2}
                  | (You bought it in a shop in the Dungeon)
   178 | D        | Bought a translucent iron ring for 45 gold pieces
   178 | D        | Identified the ring "Anlidiuss" {rC+ Str+3} (You bought it
                  | in a shop in the Dungeon)
   198 | D        | Round 2.
   231 | D        | Reached skill level 5 in Dodging
   231 | D        | Reached XP level 4. HP: 38/44 MP: 3/3
   252 | D        | Reached XP level 5. HP: 43/51 MP: 4/4
   282 | D        | Noticed Grinder
   287 | D        | Killed Grinder
   288 | D        | Reached XP level 6. HP: 55/61 MP: 5/5
   288 | D        | Arena points: 48 (+36) [x3]
   311 | D        | Bought a slimy marble ring for 45 gold pieces
   311 | D        | Identified the ring of Micisubb {rPois rF++ MP+9 Str-2
                  | SInv} (You bought it in a shop in the Dungeon)
   311 | D        | Bought a brightly glowing iron ring for 45 gold pieces
   311 | D        | Identified the ring of Melee {Wiz Will+ Int+3 Dex+4} (You
                  | bought it in a shop in the Dungeon)
   311 | D        | Bought a warped bone ring for 45 gold pieces
   311 | D        | Identified the ring of Exhibitionism {rF++ AC+4} (You
                  | bought it in a shop in the Dungeon)
   311 | D        | Bought a smoking pewter ring for 45 gold pieces
   311 | D        | Identified the ring of Laonu {Fire Will+ Str+3} (You bought
                  | it in a shop in the Dungeon)
   311 | D        | Bought a steaming wooden ring for 45 gold pieces
   311 | D        | Identified the ring "Kuhucw" {rC+ Will+ Str+5} (You bought
                  | it in a shop in the Dungeon)
   311 | D        | Bought a translucent bronze ring for 45 gold pieces
   311 | D        | Identified the ring "Vilimosa" {rPois MP+9 Str+2 Int+6}
                  | (You bought it in a shop in the Dungeon)
   311 | D        | Bought a heavily runed iron ring for 45 gold pieces
   311 | D        | Identified the ring "Baqumo" {Fly rPois rF++ AC+4 Int-2}
                  | (You bought it in a shop in the Dungeon)
   311 | D        | Bought a slimy turquoise ring for 45 gold pieces
   311 | D        | Identified the ring of Liunousu {Fire Str+3 Slay+2} (You
                  | bought it in a shop in the Dungeon)
   354 | D        | Round 3.
   373 | D        | Noticed a two-headed ogre
   377 | D        | Noticed a two-headed ogre
   384 | D        | Noticed a two-headed ogre
   388 | D        | Slain by a two-headed ogre

Illustrated notes

Levels and vault maps discovered:
D:        arena_sprint

Skill      XL: |  1  2  3  4  5 |
---------------+----------------+-----
Stealth        | 3 4 6 |  6.2
Fighting       | 5 6 8 |  8.5
Ranged Weapons | 6 7 8 |  8.7
Dodging        | 4 5 7 |  7.7

Action                     |  1- 3 |  4- 6 || total
---------------------------+-------+-------++-------
   Fire: Shortbow          |     9 |       ||     9
         Triple crossbow   |     6 |    21 ||    27
    Use: Scroll            |       |     3 ||     3
 Armour: Leather armour    |     3 |     3 ||     6
  Dodge: Dodged            |     3 |    11 ||    14

Table legend: (Time is in decaauts)
 A = Elapsed time spent in this place.
 B = Non-inter-level travel time spent in this place.
 C = Inter-level travel time spent in this place.
 D = Time resting spent in this place.
 E = Time spent auto-exploring this place.
 F = Levels seen in this place.
 G = Mean time per level.
                   A        B        C        D        E       F      G
               +--------+--------+--------+--------+--------+-----+--------+
         Total |    414 |    398 |     16 |      0 |      3 |   1 |  414.0 |
       Dungeon |    414 |    398 |     16 |      0 |      3 |   1 |  414.0 |
               +--------+--------+--------+--------+--------+-----+--------+

Top non-repeatable levels by time:
       D: 414 daAuts

Levels and vault maps discovered:
D:        arena_sprint

Table legend: (Time is in decaauts)
 A = Elapsed time spent in this place.
 B = Non-inter-level travel time spent in this place.
 C = Inter-level travel time spent in this place.
 D = Time resting spent in this place.
 E = Time spent auto-exploring this place.
 F = Levels seen in this place.
 G = Mean time per level.
                   A        B        C        D        E       F      G
               +--------+--------+--------+--------+--------+-----+--------+
         Total |    414 |    398 |     16 |      0 |      3 |   1 |  414.0 |
       Dungeon |    414 |    398 |     16 |      0 |      3 |   1 |  414.0 |
               +--------+--------+--------+--------+--------+-----+--------+

Top non-repeatable levels by time:
       D: 414 daAuts

Table legend:
 A = Kills in this place as a percentage of kills in the entire game.
 B = Kills by you in this place as a percentage of kills by you in the entire game.
 C = Kills by friends in this place as a percentage of kills by friends in the entire game.
 D = Other kills in this place as a percentage of other kills in the entire game.
 E = Experience gained in this place as a percentage of experience gained in the entire game.
 F = Experience gained in this place divided by the number of levels of this place that you have seen.
                   A       B       C       D       E      F
               +-------+-------+-------+-------+-------+----------------------
         Total | 100.0 | 100.0 |   N/A |   N/A | 100.0 | 502.0
       Dungeon | 100.0 | 100.0 |   N/A |   N/A | 100.0 | 502.0
               +-------+-------+-------+-------+-------+----------------------
